Sabres vs Kings

Created - Tuesday, October 21, 2014 at 21:02

Goals
1 2 3 T
Sabres 1 0 0 1
Kings 1 0 1 2
Shots
1 2 3 T
Sabres 12 5 14 31
Kings 10 9 10 29

1st period

1. Kings , Tyler Seguin 5 (Mika Zibanejad, Milan Lucic) at 3:17
2. Sabres , Brooks Orpik 1 (Chris Higgins, Alex Pietrangelo) at 8:23 (SH)

Penalties :
Tyler Myers (Buf) for High sticking (Minor) at 8:06

2nd period

No Goal

Penalties :
Ladislav Smid (LA ) for Slashing (Minor) at 1:08, Dany Heatley (Buf) for Boarding (Major) at 19:27

3rd period

3. Kings , Keith Yandle 2 (Ryan Johansen, Vladislav Namestnikov) at 16:23 (PP)

Penalties :
Blake Wheeler (Buf) for Roughing (Minor) at 15:50

Goalie Stats

Evgeni Nabokov (Buf), 27 saves from 29 shots - (0.931), L, 2-1-0, 58:35 minutes
Tuukka Rask (LA ), 30 saves from 31 shots - (0.968), W, 7-0-0, 60:00 minutes

Players Stats for Sabres

Player Name              G  A  P  +/- PIM S  H  SB GA TA FO     MP     PP MP  PK MP  
------------------------------------------------------------------------------------
Alec Martinez            0  0  0   0  0   1  1  0  0  1  0/0    15:07   0:42   0:00 
Alex Pietrangelo         0  1  1   0  0   1  1  0  1  1  0/0    24:53   1:17   4:05 
Blake Wheeler            0  0  0   0  2   1  3  1  3  0  0/1    15:43   0:57   0:00 
Brooks Orpik             1  0  1   1  0   1  2  0  1  0  0/0    20:21   0:00   4:05 
Chris Higgins            0  1  1   1  0   0  2  0  0  1  0/0    17:22   0:00   3:41 
Daniel Paille            0  0  0  -1  0   2  0  0  1  0  1/1     9:03   0:00   0:00 
Dany Heatley             0  0  0   0  5   0  0  0  0  0  0/1    15:45   0:57   0:00 
Dwight King              0  0  0   0  0   0  0  0  0  0  0/0    11:52   0:00   0:00 
Henrik Zetterberg        0  0  0   0  0   6  4  0  2  0  0/0    15:37   1:02   0:00 
Jay Bouwmeester          0  0  0  -1  0   5  2  3  0  1  0/0    24:32   1:17   3:26 
Marc-Andre Cliche        0  0  0  -1  0   1  1  0  0  0  0/0    12:55   0:00   3:50 
Matt Stajan              0  0  0   0  0   3  0  0  2  0  7/10   16:41   0:57   3:50 
Sidney Crosby            0  0  0   0  0   2  1  0  2  0  6/12   16:54   1:02   0:00 
Stephane Robidas         0  0  0   0  0   0  1  0  0  0  0/0    15:23   0:00   0:58 
Steve Downie             0  0  0   0  0   2  1  0  3  0  0/0    11:52   0:00   0:00 
Steven Stamkos           0  0  0   0  0   0  1  0  0  0  5/10   15:37   1:02   0:00 
Tyler Myers              0  0  0   0  2   4  1  2  1  1  0/0    19:54   0:42   2:28 
Will Acton               0  0  0   0  0   2  1  0  0  0  6/10   12:55   0:00   3:41 

Players Stats for Kings

Player Name              G  A  P  +/- PIM S  H  SB GA TA FO     MP     PP MP  PK MP  
------------------------------------------------------------------------------------
Adam McQuaid             0  0  0   0  0   2  0  1  0  1  0/0    16:40   0:00   0:00 
Cam Fowler               0  0  0   0  0   4  1  1  1  4  0/0    26:08   5:40   1:21 
Carl Soderberg           0  0  0  -1  0   1  2  0  2  0  1/1    18:17   3:04   0:26 
Duncan Keith             0  0  0   1  0   1  0  0  0  0  0/0    17:26   0:00   0:38 
Henrik Tallinder         0  0  0   0  0   1  0  0  1  2  0/0    19:19   1:51   0:00 
John Erskine             0  0  0   0  0   0  0  0  0  0  0/0     0:00   0:00   0:00 
Keith Yandle             1  0  1  -1  0   3  0  1  0  1  0/0    23:53   5:40   1:59 
Ladislav Smid            0  0  0   0  2   1  0  1  0  0  0/0    16:50   1:51   0:00 
Matt Cullen              0  0  0   0  0   1  0  0  0  0  2/2    16:02   0:00   0:00 
Mika Zibanejad           0  1  1   1  0   0  1  0  2  0  0/1    20:58   4:27   1:33 
Mikhail Grigorenko       0  0  0   0  0   0  0  0  0  0  0/0     0:00   0:00   0:00 
Milan Lucic              0  1  1   1  0   4  4  0  3  0  1/1    19:41   4:27   0:00 
Ryan Johansen            0  1  1  -1  0   2  3  0  1  0  2/4    21:05   3:04   0:27 
Ryan Malone              0  0  0   0  0   0  0  0  0  0  0/0     7:10   0:00   0:00 
Tomas Kopecky            0  0  0   0  0   0  0  1  1  0  1/6    14:50   0:00   0:00 
Tyler Seguin             1  0  1   1  0   6  1  0  5  1  10/17  23:49   4:27   1:32 
Vincent Trocheck         0  0  0   0  0   1  1  1  0  0  0/0    16:50   0:00   0:00 
Vladislav Namestnikov    0  1  1  -1  0   2  1  0  1  0  3/13   19:02   3:04   0:00 

3 Stars

1 - Tuukka Rask (LA )
2 - Brooks Orpik (Buf)
3 - Tyler Seguin (LA )

Power Play

Sabres - 0 on 1 Attempt(s) - 0.00%
Kings - 1 on 3 Attempt(s) - 33.33%

Penalty Kill

Sabres - 2 on 3 Attempt(s) - 66.67% - Score 1 goal in Penalty Kill
Kings - 1 on 1 Attempt(s) - 100.00% - Score 0 goal in Penalty Kill

Official

Referees : Unknown
Linesman : Unknown

Game Notes

No Game Note

Finance

Level 1 -- Attendance: 5154 (85.90%) -- Ticket Income $463,860
Level 2 -- Attendance: 3739 (74.78%) -- Ticket Income $213,123
Level 3 -- Attendance: 1765 (88.25%) -- Ticket Income $56,480
Level 4 -- Attendance: 3594 (89.85%) -- Ticket Income $64,692
Luxury Box -- Attendance: 810 (81.00%) -- Ticket Income $153,900
Game was played at the Staples Center
Total Attendance: 15062 (83.68%)
Total Ticket Income: $952,055
Other Income: $466,507
Total Income: $1,418,562

Sabres

5 vs 5 Forward 
   Center                   Left Wing                Right Wing               Time % Phy DF OF 
 1 Sidney Crosby            Dany Heatley             Blake Wheeler            40     1   1  3  
 2 Steven Stamkos           Henrik Zetterberg        Chris Higgins            32     0   1  4  
 3 Matt Stajan              Dwight King              Steve Downie             20     1   2  2  
 4 Will Acton               Daniel Paille            Marc-Andre Cliche        8      2   2  1  

5 vs 5 Defense 
   Defense                  Defense                                           Time % Phy DF OF 
 1 Brooks Orpik             Alex Pietrangelo                                  35     1   3  1  
 2 Jay Bouwmeester          Tyler Myers                                       35     1   2  2  
 3 Alec Martinez            Stephane Robidas                                  20     1   4  0  
 4 Jay Bouwmeester          Alex Pietrangelo                                  10     1   1  3  

PowerPlay Forward 
   Center                   Left Wing                Right Wing               Time % Phy DF OF 
 1 Sidney Crosby            Henrik Zetterberg        Steven Stamkos           60     0   0  5  
 2 Matt Stajan              Dany Heatley             Blake Wheeler            40     0   0  5  

PowerPlay Defense
   Defense                  Defense                                           Time % Phy DF OF 
 1 Jay Bouwmeester          Alex Pietrangelo                                  60     0   2  3  
 2 Alec Martinez            Tyler Myers                                       40     0   2  3  

Penalty Kill 4 Players Forward 
   Center                   Wing                     Time % Phy DF OF 
 1 Matt Stajan              Marc-Andre Cliche        50     1   4  0  
 2 Will Acton               Chris Higgins            50     2   3  0  

Penalty Kill 4 Players Defense
   Defense                  Defense                  Time % Phy DF OF 
 1 Brooks Orpik             Alex Pietrangelo         50     1   4  0  
 2 Jay Bouwmeester          Tyler Myers              50     1   4  0  

Penalty Kill - 3 Players Forward 
   Forward                                           Time % Phy DF OF 
 1 Matt Stajan                                       50     1   2  2  
 2 Will Acton                                        50     1   2  2  

Penalty Kill - 3 Players Defense
   Defense                  Defense                  Time % Phy DF OF 
 1 Brooks Orpik             Alex Pietrangelo         50     1   4  0  
 2 Jay Bouwmeester          Tyler Myers              50     1   4  0  

4 vs 4 Forward 
   Center                   Wing                     Time % Phy DF OF 
 1 Sidney Crosby            Blake Wheeler            50     0   1  4  
 2 Steven Stamkos           Henrik Zetterberg        50     1   1  3  

4 vs 4 Defense
   Defense                  Defense                  Time % Phy DF OF 
 1 Jay Bouwmeester          Alex Pietrangelo         50     1   2  2  
 2 Alec Martinez            Tyler Myers              50     1   2  2  

Last Minutes Offensive
   Center                   Left Wing                Right Wing               Defense                  Defense                  
   Sidney Crosby            Henrik Zetterberg        Steven Stamkos           Jay Bouwmeester          Alex Pietrangelo         

Last Minutes Defensive
   Center                   Left Wing                Right Wing               Defense                  Defense                  
   Matt Stajan              Dwight King              Marc-Andre Cliche        Brooks Orpik             Alex Pietrangelo         

Goaltenders
Starting : Evgeni Nabokov           
Backup : Josh Harding             

Extra Forwards
Normal : Steven Stamkos, Henrik Zetterberg, Matt Stajan - PP : Dany Heatley, Steven Stamkos - PK : Daniel Paille
Extra Defensemen
Normal : Jay Bouwmeester, Stephane Robidas, Alex Pietrangelo - PP : Stephane Robidas - PK : Stephane Robidas, Alec Martinez
Penalty Shots
Steven Stamkos, Sidney Crosby, Blake Wheeler, Chris Higgins, Henrik Zetterberg

Kings

5 vs 5 Forward 
   Center                   Left Wing                Right Wing               Time % Phy DF OF 
 1 Tyler Seguin             Milan Lucic              Mika Zibanejad           35     1   2  2  
 2 Tomas Kopecky            Carl Soderberg           Ryan Johansen            30     1   2  2  
 3 Ryan Johansen            Ryan Malone              Tyler Seguin             22     1   2  2  
 4 Vladislav Namestnikov    Matt Cullen              Vincent Trocheck         13     1   2  2  

5 vs 5 Defense 
   Defense                  Defense                                           Time % Phy DF OF 
 1 Cam Fowler               Keith Yandle                                      35     1   2  2  
 2 Ladislav Smid            Duncan Keith                                      30     1   2  2  
 3 Henrik Tallinder         Adam McQuaid                                      22     1   2  2  
 4 Duncan Keith             Cam Fowler                                        13     1   2  2  

PowerPlay Forward 
   Center                   Left Wing                Right Wing               Time % Phy DF OF 
 1 Tyler Seguin             Milan Lucic              Mika Zibanejad           60     1   2  2  
 2 Vladislav Namestnikov    Carl Soderberg           Ryan Johansen            40     1   2  2  

PowerPlay Defense
   Defense                  Defense                                           Time % Phy DF OF 
 1 Cam Fowler               Keith Yandle                                      60     1   2  2  
 2 Ladislav Smid            Henrik Tallinder                                  40     1   2  2  

Penalty Kill 4 Players Forward 
   Center                   Wing                     Time % Phy DF OF 
 1 Tyler Seguin             Mika Zibanejad           60     1   2  2  
 2 Ryan Johansen            Milan Lucic              40     1   2  2  

Penalty Kill 4 Players Defense
   Defense                  Defense                  Time % Phy DF OF 
 1 Cam Fowler               Keith Yandle             60     1   2  2  
 2 Ladislav Smid            Duncan Keith             40     1   2  2  

Penalty Kill - 3 Players Forward 
   Forward                                           Time % Phy DF OF 
 1 Tyler Seguin                                      60     1   2  2  
 2 Milan Lucic                                       40     1   2  2  

Penalty Kill - 3 Players Defense
   Defense                  Defense                  Time % Phy DF OF 
 1 Cam Fowler               Keith Yandle             60     1   2  2  
 2 Ladislav Smid            Duncan Keith             40     1   2  2  

4 vs 4 Forward 
   Center                   Wing                     Time % Phy DF OF 
 1 Tyler Seguin             Mika Zibanejad           60     1   2  2  
 2 Ryan Johansen            Milan Lucic              40     1   2  2  

4 vs 4 Defense
   Defense                  Defense                  Time % Phy DF OF 
 1 Cam Fowler               Keith Yandle             60     1   2  2  
 2 Ladislav Smid            Henrik Tallinder         40     1   2  2  

Last Minutes Offensive
   Center                   Left Wing                Right Wing               Defense                  Defense                  
   Tyler Seguin             Milan Lucic              Mika Zibanejad           Cam Fowler               Keith Yandle             

Last Minutes Defensive
   Center                   Left Wing                Right Wing               Defense                  Defense                  
   Tyler Seguin             Milan Lucic              Mika Zibanejad           Cam Fowler               Keith Yandle             

Goaltenders
Starting : Tuukka Rask              
Backup : Jonas Gustavsson         

Extra Forwards
Normal : Milan Lucic, Vladislav Namestnikov, Tyler Seguin - PP : Tyler Seguin, Vladislav Namestnikov - PK : Tyler Seguin
Extra Defensemen
Normal : Henrik Tallinder, Cam Fowler, Keith Yandle - PP : Henrik Tallinder - PK : Keith Yandle, Cam Fowler
Penalty Shots
Tyler Seguin, Vladislav Namestnikov, Ryan Johansen, Milan Lucic, Mika Zibanejad

% Time on Ice - Sabres

Lines # - Real PCT - Wanted PCT - Time Play
Normal Forward
1 - 30% - 40% - 15:06
2 - 28% - 32% - 13:41
3 - 24% - 20% - 11:52
4 - 18% - 8% - 9:03
Normal Defense
1 - 34% - 35% - 17:04
2 - 33% - 35% - 16:34
3 - 29% - 20% - 14:17
4 - 4% - 10% - 1:47
PP Forward
1 - 52% - 60% - 1:02
2 - 48% - 40% - 0:57
PP Defense
1 - 65% - 60% - 1:17
2 - 35% - 40% - 0:42
PK Forward
1 - 51% - 50% - 3:50
2 - 49% - 50% - 3:41
PK Defense
1 - 54% - 50% - 4:05
2 - 46% - 50% - 3:26
PK3 Forward
1 - 0% - 50%
2 - 0% - 50%
PK3 Defense
1 - 0% - 50%
2 - 0% - 50%
44 Forward
1 - 0% - 50%
2 - 0% - 50%
44 Defense
1 - 0% - 50%
2 - 0% - 50%
Last Minute Offensive  - 0:48
Last Minute Defensive  - 0:00
Total
Forward - 60:00
Defense - 60:00

% Time on Ice - Kings

Lines # - Real PCT - Wanted PCT - Time Play
Normal Forward
1 - 28% - 35% - 13:48
2 - 26% - 30% - 13:08
3 - 14% - 22% - 7:10
4 - 31% - 13% - 15:36
Normal Defense
1 - 32% - 35% - 15:55
2 - 30% - 30% - 14:43
3 - 33% - 22% - 16:11
4 - 6% - 13% - 2:53
PP Forward
1 - 59% - 60% - 4:27
2 - 41% - 40% - 3:04
PP Defense
1 - 75% - 60% - 5:40
2 - 25% - 40% - 1:51
PK Forward
1 - 100% - 60% - 1:59
2 - 0% - 40% - 0:00
PK Defense
1 - 68% - 60% - 1:21
2 - 32% - 40% - 0:38
PK3 Forward
1 - 0% - 60%
2 - 0% - 40%
PK3 Defense
1 - 0% - 60%
2 - 0% - 40%
44 Forward
1 - 0% - 60%
2 - 0% - 40%
44 Defense
1 - 0% - 60%
2 - 0% - 40%
Last Minute Offensive  - 0:00
Last Minute Defensive  - 0:48
Total
Forward - 60:00
Defense - 60:00

Play by Play

1st period


0:01 of 1st period - Tyler Seguin wins face-off versus Dany Heatley in neutral zone.
0:08 of 1st period - Snap shot by Tyler Seguin.
0:08 of 1st period - Stopped by Evgeni Nabokov with a rebound.
2:06 of 1st period - Wrist shot by Matt Stajan.
2:06 of 1st period - Stopped by Tuukka Rask without a rebound.
2:07 of 1st period - Will Acton wins face-off versus Vladislav Namestnikov in Kings zone.
3:17 of 1st period - Snap shot by Tyler Seguin.
3:17 of 1st period - Goal by Tyler Seguin - Sabres : 0 - Kings : 1.
3:18 of 1st period - Steven Stamkos wins face-off versus Ryan Johansen in neutral zone.
3:21 of 1st period - Cam Fowler is hit by Steven Stamkos and loses puck.
4:18 of 1st period - Ladislav Smid is hit by Stephane Robidas and loses puck.
4:33 of 1st period - Snap shot by Blake Wheeler.
4:33 of 1st period - Shot Misses the Net.
5:07 of 1st period - Snap shot by Steve Downie.
5:07 of 1st period - Shot Misses the Net.
5:09 of 1st period - Slapshot by Steve Downie.
5:09 of 1st period - Stopped by Tuukka Rask with a rebound.
5:11 of 1st period - Slapshot by Tyler Myers.
5:11 of 1st period - Stopped by Tuukka Rask with a rebound.
5:13 of 1st period - Slapshot by Jay Bouwmeester.
5:13 of 1st period - Shot Misses the Net.
5:15 of 1st period - Wrist shot by Tyler Myers.
5:15 of 1st period - Stopped by Tuukka Rask with a rebound.
5:17 of 1st period - Slapshot by Tyler Myers.
5:17 of 1st period - Deflect By Steve Downie.
5:17 of 1st period - Shot Misses the Net.
5:17 of 1st period - Puck is out of play.
5:18 of 1st period - Steven Stamkos wins face-off versus Tomas Kopecky in Kings zone.
5:23 of 1st period - Slapshot by Henrik Zetterberg.
5:23 of 1st period - Stopped by Tuukka Rask with a rebound.
5:25 of 1st period - Slapshot by Jay Bouwmeester.
5:25 of 1st period - Shot Misses the Net.
5:27 of 1st period - Slapshot by Jay Bouwmeester.
5:27 of 1st period - Shot Blocked by Tomas Kopecky.
5:29 of 1st period - Slapshot by Jay Bouwmeester.
5:29 of 1st period - Stopped by Tuukka Rask without a rebound.
5:30 of 1st period - Steven Stamkos wins face-off versus Tomas Kopecky in Kings zone.
5:39 of 1st period - Slapshot by Steven Stamkos.
5:39 of 1st period - Shot Blocked by Adam McQuaid.
5:49 of 1st period - Slapshot by Carl Soderberg.
5:49 of 1st period - Shot Misses the Net.
5:51 of 1st period - Snap shot by Adam McQuaid.
5:51 of 1st period - Shot Misses the Net.
5:53 of 1st period - Slapshot by Adam McQuaid.
5:53 of 1st period - Deflect By Carl Soderberg.
5:53 of 1st period - Stopped by Evgeni Nabokov with a rebound.
6:05 of 1st period - Wrist shot by Tyler Seguin.
6:05 of 1st period - Stopped by Evgeni Nabokov with a rebound.
6:07 of 1st period - Slapshot by Adam McQuaid.
6:07 of 1st period - Stopped by Evgeni Nabokov with a rebound.
6:16 of 1st period - Snap shot by Milan Lucic.
6:16 of 1st period - Stopped by Evgeni Nabokov without a rebound.
6:17 of 1st period - Tyler Seguin wins face-off versus Sidney Crosby in Sabres zone.
7:23 of 1st period - Cam Fowler is hit by Brooks Orpik and loses puck.
7:31 of 1st period - Wrist shot by Henrik Tallinder.
7:31 of 1st period - Stopped by Evgeni Nabokov without a rebound.
7:32 of 1st period - Will Acton wins face-off versus Vladislav Namestnikov in Sabres zone.
7:43 of 1st period - Slapshot by Jay Bouwmeester.
7:43 of 1st period - Deflect By Marc-Andre Cliche.
7:43 of 1st period - Stopped by Tuukka Rask without a rebound.
7:44 of 1st period - Will Acton wins face-off versus Tyler Seguin in Kings zone.
7:47 of 1st period - Slapshot by Tyler Myers.
7:47 of 1st period - Deflect By Will Acton.
7:47 of 1st period - Stopped by Tuukka Rask without a rebound.
7:48 of 1st period - Tyler Seguin wins face-off versus Will Acton in Kings zone.
8:06 of 1st period - Minor Penalty to Tyler Myers for High sticking.
8:07 of 1st period - Matt Stajan wins face-off versus Vladislav Namestnikov in Sabres zone.
8:21 of 1st period - Snap shot by Chris Higgins.
8:21 of 1st period - Shot Misses the Net.
8:23 of 1st period - Slapshot by Brooks Orpik.
8:23 of 1st period - Goal by Brooks Orpik - Sabres : 1 - Kings : 1.
8:24 of 1st period - Tyler Seguin wins face-off versus Matt Stajan in neutral zone.
9:01 of 1st period - Slapshot by Tyler Seguin.
9:01 of 1st period - Shot Misses the Net.
9:39 of 1st period - Keith Yandle is hit by Chris Higgins and loses puck.
10:06 of 1st period - Penalty to Tyler Myers is over, Tyler Myers is back on ice.
10:59 of 1st period - Blake Wheeler is hit by Vladislav Namestnikov and loses puck.
11:57 of 1st period - Slapshot by Ryan Johansen.
11:57 of 1st period - Stopped by Evgeni Nabokov with a rebound.
11:59 of 1st period - Snap shot by Ladislav Smid.
11:59 of 1st period - Stopped by Evgeni Nabokov with a rebound.
12:23 of 1st period - Snap shot by Henrik Zetterberg.
12:23 of 1st period - Stopped by Tuukka Rask with a rebound.
12:53 of 1st period - Adam McQuaid is hit by Alex Pietrangelo and loses puck.
13:52 of 1st period - Sidney Crosby is hit by Tyler Seguin and loses puck.
14:19 of 1st period - Dany Heatley is hit by Ryan Johansen and loses puck.
14:32 of 1st period - Alec Martinez is hit by Milan Lucic.
14:36 of 1st period - Snap shot by Milan Lucic.
14:36 of 1st period - Stopped by Evgeni Nabokov without a rebound.
14:37 of 1st period - Matt Stajan wins face-off versus Tyler Seguin in Sabres zone.
16:51 of 1st period - Duncan Keith is hit by Brooks Orpik and loses puck.
17:56 of 1st period - Slapshot by Henrik Zetterberg.
17:56 of 1st period - Stopped by Tuukka Rask with a rebound.
18:42 of 1st period - Adam McQuaid is hit by Steve Downie and loses puck.
19:41 of 1st period - Chris Higgins is hit by Ryan Johansen and loses puck.
19:48 of 1st period - Snap shot by Tyler Myers.
19:48 of 1st period - Stopped by Tuukka Rask without a rebound.
19:49 of 1st period - Steven Stamkos wins face-off versus Vladislav Namestnikov in Kings zone.
Goals for this period are 1 for Sabres vs 1 for Kings.
Shots for this period are 12 for Sabres vs 10 for Kings.

2nd period


0:01 of 2nd period - Ryan Johansen wins face-off versus Blake Wheeler in neutral zone.
0:18 of 2nd period - Snap shot by Tyler Seguin.
0:18 of 2nd period - Stopped by Evgeni Nabokov with a rebound.
0:20 of 2nd period - Wrist shot by Ryan Malone.
0:20 of 2nd period - Shot Blocked by Blake Wheeler.
0:22 of 2nd period - Slapshot by Cam Fowler.
0:22 of 2nd period - Stopped by Evgeni Nabokov with a rebound.
0:24 of 2nd period - Wrist shot by Tyler Seguin.
0:24 of 2nd period - Shot Misses the Net.
0:56 of 2nd period - Cam Fowler is hit by Tyler Myers and loses puck.
1:08 of 2nd period - Minor Penalty to Ladislav Smid for Slashing.
1:09 of 2nd period - Tyler Seguin wins face-off versus Sidney Crosby in Kings zone.
2:21 of 2nd period - Mika Zibanejad is hit by Sidney Crosby and loses puck.
2:48 of 2nd period - Tyler Seguin is hit by Jay Bouwmeester and loses puck.
3:07 of 2nd period - Sidney Crosby is hit by Carl Soderberg and loses puck.
3:08 of 2nd period - Penalty to Ladislav Smid is over, Ladislav Smid is back on ice.
3:54 of 2nd period - Matt Cullen is hit by Will Acton and loses puck.
4:22 of 2nd period - Backhand shot by Steve Downie.
4:22 of 2nd period - Stopped by Tuukka Rask with a rebound.
5:25 of 2nd period - Snap shot by Ryan Johansen.
5:25 of 2nd period - Stopped by Evgeni Nabokov with a rebound.
5:31 of 2nd period - Slapshot by Milan Lucic.
5:31 of 2nd period - Shot Misses the Net.
5:53 of 2nd period - Icing by Cam Fowler.
5:54 of 2nd period - Daniel Paille wins face-off versus Tomas Kopecky in Kings zone.
6:45 of 2nd period - Snap shot by Milan Lucic.
6:45 of 2nd period - Stopped by Evgeni Nabokov with a rebound.
7:06 of 2nd period - Snap shot by Vincent Trocheck.
7:06 of 2nd period - Stopped by Evgeni Nabokov with a rebound.
7:12 of 2nd period - Matt Cullen is hit by Henrik Zetterberg and loses puck.
7:57 of 2nd period - Vincent Trocheck is hit by Marc-Andre Cliche and loses puck.
8:20 of 2nd period - Wrist shot by Steve Downie.
8:20 of 2nd period - Shot Misses the Net.
8:22 of 2nd period - Slapshot by Jay Bouwmeester.
8:22 of 2nd period - Deflect By Steve Downie.
8:22 of 2nd period - Shot Misses the Net.
8:22 of 2nd period - Puck is out of play.
8:23 of 2nd period - Steven Stamkos wins face-off versus Tomas Kopecky in Kings zone.
8:38 of 2nd period - Snap shot by Henrik Zetterberg.
8:38 of 2nd period - Stopped by Tuukka Rask with a rebound.
9:11 of 2nd period - Keith Yandle is hit by Blake Wheeler and loses puck.
9:38 of 2nd period - Adam McQuaid is hit by Alec Martinez and loses puck.
9:51 of 2nd period - Slapshot by Jay Bouwmeester.
9:51 of 2nd period - Shot Misses the Net.
9:53 of 2nd period - Snap shot by Tyler Myers.
9:53 of 2nd period - Stopped by Tuukka Rask without a rebound.
9:54 of 2nd period - Will Acton wins face-off versus Tyler Seguin in Kings zone.
10:56 of 2nd period - Brooks Orpik is hit by Carl Soderberg.
11:00 of 2nd period - Ryan Johansen is hit by Henrik Zetterberg and loses puck.
11:54 of 2nd period - Tyler Seguin is hit by Blake Wheeler and loses puck.
12:01 of 2nd period - Jay Bouwmeester is hit by Mika Zibanejad and loses puck.
12:14 of 2nd period - Tyler Myers is hit by Vincent Trocheck and loses puck.
12:48 of 2nd period - Slapshot by Mika Zibanejad.
12:48 of 2nd period - Shot Misses the Net.
12:50 of 2nd period - Slapshot by Adam McQuaid.
12:50 of 2nd period - Shot Misses the Net.
12:52 of 2nd period - Slapshot by Adam McQuaid.
12:52 of 2nd period - Stopped by Evgeni Nabokov with a rebound.
13:01 of 2nd period - Off-side.
13:02 of 2nd period - Ryan Johansen wins face-off versus Will Acton in neutral zone.
13:54 of 2nd period - Adam McQuaid is hit by Henrik Zetterberg.
14:10 of 2nd period - Adam McQuaid is hit by Chris Higgins and loses puck.
15:23 of 2nd period - Snap shot by Vincent Trocheck.
15:23 of 2nd period - Shot Misses the Net.
15:33 of 2nd period - Wrist shot by Blake Wheeler.
15:33 of 2nd period - Shot Blocked by Keith Yandle.
15:57 of 2nd period - Slapshot by Alec Martinez.
15:57 of 2nd period - Shot Misses the Net.
15:59 of 2nd period - Snap shot by Daniel Paille.
15:59 of 2nd period - Stopped by Tuukka Rask without a rebound.
16:00 of 2nd period - Milan Lucic wins face-off versus Will Acton in Kings zone.
16:23 of 2nd period - Wrist shot by Henrik Zetterberg.
16:23 of 2nd period - Stopped by Tuukka Rask with a rebound.
16:25 of 2nd period - Slapshot by Brooks Orpik.
16:25 of 2nd period - Shot Misses the Net.
16:49 of 2nd period - Wrist shot by Chris Higgins.
16:49 of 2nd period - Shot Misses the Net.
16:52 of 2nd period - Icing by Milan Lucic.
16:53 of 2nd period - Carl Soderberg wins face-off versus Sidney Crosby in Kings zone.
19:11 of 2nd period - Icing by Vladislav Namestnikov.
19:12 of 2nd period - Vladislav Namestnikov wins face-off versus Steven Stamkos in Kings zone.
19:12 of 2nd period - Vladislav Namestnikov is hit by Henrik Zetterberg.
19:15 of 2nd period - Icing by Ladislav Smid.
19:16 of 2nd period - Matt Cullen wins face-off versus Sidney Crosby in Kings zone.
19:27 of 2nd period - Major Penalty to Dany Heatley for Boarding.
19:28 of 2nd period - Tyler Seguin wins face-off versus Will Acton in Sabres zone.
19:31 of 2nd period - Slapshot by Tyler Seguin.
19:31 of 2nd period - Shot Misses the Net.
19:33 of 2nd period - Slapshot by Keith Yandle.
19:33 of 2nd period - Stopped by Evgeni Nabokov with a rebound.
19:35 of 2nd period - Slapshot by Cam Fowler.
19:35 of 2nd period - Shot Blocked by Jay Bouwmeester.
19:37 of 2nd period - Slapshot by Cam Fowler.
19:37 of 2nd period - Shot Blocked by Tyler Myers.
19:39 of 2nd period - Snap shot by Cam Fowler.
19:39 of 2nd period - Stopped by Evgeni Nabokov with a rebound.
19:41 of 2nd period - Slapshot by Keith Yandle.
19:41 of 2nd period - Stopped by Evgeni Nabokov without a rebound.
19:42 of 2nd period - Will Acton wins face-off versus Tyler Seguin in Sabres zone.
Goals for this period are 0 for Sabres vs 0 for Kings.
Shots for this period are 5 for Sabres vs 9 for Kings.

3rd period


0:01 of 3rd period - Tyler Seguin wins face-off versus Matt Stajan in neutral zone.
0:15 of 3rd period - Slapshot by Cam Fowler.
0:15 of 3rd period - Stopped by Evgeni Nabokov without a rebound.
0:16 of 3rd period - Matt Stajan wins face-off versus Tyler Seguin in Sabres zone.
0:16 of 3rd period - Matt Stajan is hit by Milan Lucic.
1:39 of 3rd period - Matt Stajan is hit by Milan Lucic and loses puck.
3:06 of 3rd period - Marc-Andre Cliche is hit by Milan Lucic and loses puck.
3:24 of 3rd period - Icing by Carl Soderberg.
3:25 of 3rd period - Will Acton wins face-off versus Vladislav Namestnikov in Kings zone.
3:36 of 3rd period - Tyler Myers is hit by Ryan Johansen and loses puck.
3:54 of 3rd period - Snap shot by Tyler Seguin.
3:54 of 3rd period - Shot Misses the Net.
3:56 of 3rd period - Slapshot by Cam Fowler.
3:56 of 3rd period - Deflect By Tyler Seguin.
3:56 of 3rd period - Stopped by Evgeni Nabokov without a rebound.
3:57 of 3rd period - Matt Stajan wins face-off versus Tyler Seguin in Sabres zone.
4:27 of 3rd period - Penalty to Dany Heatley is over, Dany Heatley is back on ice.
4:32 of 3rd period - Icing by Matt Stajan.
4:33 of 3rd period - Sidney Crosby wins face-off versus Vladislav Namestnikov in Sabres zone.
5:04 of 3rd period - Vladislav Namestnikov is hit by Blake Wheeler and loses puck.
6:45 of 3rd period - Snap shot by Blake Wheeler.
6:45 of 3rd period - Shot Blocked by Ladislav Smid.
6:47 of 3rd period - Slapshot by Alec Martinez.
6:47 of 3rd period - Stopped by Tuukka Rask without a rebound.
6:48 of 3rd period - Sidney Crosby wins face-off versus Ryan Johansen in Kings zone.
8:18 of 3rd period - Snap shot by Daniel Paille.
8:18 of 3rd period - Deflect By Will Acton.
8:18 of 3rd period - Stopped by Tuukka Rask without a rebound.
8:19 of 3rd period - Sidney Crosby wins face-off versus Vladislav Namestnikov in Kings zone.
8:24 of 3rd period - Wrist shot by Blake Wheeler.
8:24 of 3rd period - Stopped by Tuukka Rask with a rebound.
9:41 of 3rd period - Wrist shot by Daniel Paille.
9:41 of 3rd period - Stopped by Tuukka Rask without a rebound.
9:42 of 3rd period - Vladislav Namestnikov wins face-off versus Steven Stamkos in Kings zone.
11:15 of 3rd period - Slapshot by Matt Cullen.
11:15 of 3rd period - Stopped by Evgeni Nabokov without a rebound.
11:16 of 3rd period - Matt Stajan wins face-off versus Vladislav Namestnikov in Sabres zone.
11:23 of 3rd period - Wrist shot by Jay Bouwmeester.
11:23 of 3rd period - Stopped by Tuukka Rask without a rebound.
11:24 of 3rd period - Tomas Kopecky wins face-off versus Matt Stajan in Kings zone.
11:35 of 3rd period - Snap shot by Carl Soderberg.
11:35 of 3rd period - Shot Misses the Net.
11:53 of 3rd period - Slapshot by Keith Yandle.
11:53 of 3rd period - Shot Blocked by Tyler Myers.
11:55 of 3rd period - Snap shot by Vladislav Namestnikov.
11:55 of 3rd period - Stopped by Evgeni Nabokov with a rebound.
11:57 of 3rd period - Snap shot by Keith Yandle.
11:57 of 3rd period - Shot Blocked by Jay Bouwmeester.
11:59 of 3rd period - Slapshot by Matt Cullen.
11:59 of 3rd period - Shot Misses the Net.
12:01 of 3rd period - Snap shot by Vladislav Namestnikov.
12:01 of 3rd period - Stopped by Evgeni Nabokov without a rebound.
12:02 of 3rd period - Sidney Crosby wins face-off versus Vladislav Namestnikov in Sabres zone.
12:34 of 3rd period - Snap shot by Sidney Crosby.
12:34 of 3rd period - Shot Misses the Net.
13:03 of 3rd period - Slapshot by Keith Yandle.
13:03 of 3rd period - Deflect By Vincent Trocheck.
13:03 of 3rd period - Shot Misses the Net.
13:03 of 3rd period - Puck is out of play.
13:04 of 3rd period - Matt Cullen wins face-off versus Steven Stamkos in Sabres zone.
13:41 of 3rd period - Snap shot by Keith Yandle.
13:41 of 3rd period - Deflect By Matt Cullen.
13:41 of 3rd period - Shot Misses the Net.
13:41 of 3rd period - Puck is out of play.
13:42 of 3rd period - Matt Stajan wins face-off versus Vladislav Namestnikov in Sabres zone.
14:40 of 3rd period - Slapshot by Milan Lucic.
14:40 of 3rd period - Stopped by Evgeni Nabokov without a rebound.
14:41 of 3rd period - Tyler Seguin wins face-off versus Sidney Crosby in Sabres zone.
14:56 of 3rd period - Snap shot by Sidney Crosby.
14:56 of 3rd period - Stopped by Tuukka Rask without a rebound.
14:57 of 3rd period - Vladislav Namestnikov wins face-off versus Steven Stamkos in Kings zone.
15:04 of 3rd period - Wrist shot by Henrik Zetterberg.
15:04 of 3rd period - Shot Misses the Net.
15:06 of 3rd period - Slapshot by Alex Pietrangelo.
15:06 of 3rd period - Shot Blocked by Vincent Trocheck.
15:08 of 3rd period - Wrist shot by Henrik Zetterberg.
15:08 of 3rd period - Shot Blocked by Cam Fowler.
15:10 of 3rd period - Slapshot by Chris Higgins.
15:10 of 3rd period - Shot Misses the Net.
15:12 of 3rd period - Wrist shot by Henrik Zetterberg.
15:12 of 3rd period - Stopped by Tuukka Rask with a rebound.
15:14 of 3rd period - Slapshot by Jay Bouwmeester.
15:14 of 3rd period - Deflect By Cam Fowler.
15:14 of 3rd period - Stopped by Tuukka Rask with a rebound.
15:16 of 3rd period - Slapshot by Jay Bouwmeester.
15:16 of 3rd period - Stopped by Tuukka Rask without a rebound.
15:17 of 3rd period - Tyler Seguin wins face-off versus Steven Stamkos in Kings zone.
15:24 of 3rd period - Snap shot by Tyler Seguin.
15:24 of 3rd period - Stopped by Evgeni Nabokov without a rebound.
15:25 of 3rd period - Sidney Crosby wins face-off versus Tyler Seguin in Sabres zone.
15:50 of 3rd period - Minor Penalty to Blake Wheeler for Roughing.
15:51 of 3rd period - Matt Stajan wins face-off versus Mika Zibanejad in Sabres zone.
16:23 of 3rd period - Slapshot by Keith Yandle.
16:23 of 3rd period - Goal by Keith Yandle - Sabres : 1 - Kings : 2.
16:24 of 3rd period - Sidney Crosby wins face-off versus Tomas Kopecky in neutral zone.
16:53 of 3rd period - Slapshot by Ryan Johansen.
16:53 of 3rd period - Shot Blocked by Jay Bouwmeester.
16:55 of 3rd period - Slapshot by Cam Fowler.
16:55 of 3rd period - Deflect By Sidney Crosby.
16:55 of 3rd period - Stopped by Evgeni Nabokov with a rebound.
17:17 of 3rd period - Cam Fowler is hit by Jay Bouwmeester and loses puck.
17:28 of 3rd period - Henrik Zetterberg is hit by Cam Fowler and loses puck.
18:09 of 3rd period - Wrist shot by Milan Lucic.
18:09 of 3rd period - Shot Misses the Net.
18:11 of 3rd period - Wrist shot by Duncan Keith.
18:11 of 3rd period - Stopped by Evgeni Nabokov with a rebound.
18:35 of 3rd period - Sabres, Evgeni Nabokov is pulled from the net.
18:43 of 3rd period - Slapshot by Matt Stajan.
18:43 of 3rd period - Shot Misses the Net.
18:45 of 3rd period - Slapshot by Stephane Robidas.
18:45 of 3rd period - Shot Misses the Net.
18:49 of 3rd period - Snap shot by Matt Stajan.
18:49 of 3rd period - Stopped by Tuukka Rask with a rebound.
18:51 of 3rd period - Snap shot by Matt Stajan.
18:51 of 3rd period - Stopped by Tuukka Rask with a rebound.
18:53 of 3rd period - Slapshot by Stephane Robidas.
18:53 of 3rd period - Shot Misses the Net.
19:30 of 3rd period - Snap shot by Sidney Crosby.
19:30 of 3rd period - Deflect By Adam McQuaid.
19:30 of 3rd period - Stopped by Tuukka Rask with a rebound.
19:38 of 3rd period - Snap shot by Jay Bouwmeester.
19:38 of 3rd period - Stopped by Tuukka Rask with a rebound.
19:40 of 3rd period - Slapshot by Alex Pietrangelo.
19:40 of 3rd period - Stopped by Tuukka Rask without a rebound.
19:41 of 3rd period - Alain Vigneault call a timeout for Sabres.
19:41 of 3rd period - Tyler Seguin wins face-off versus Sidney Crosby in Kings zone.
Goals for this period are 0 for Sabres vs 1 for Kings.
Shots for this period are 14 for Sabres vs 10 for Kings.


Output by the SimonT Hockey Simulator (STHS) for Eric Dolegowski -- Original Page W3C XHTML 1.0 Valid
Hockey Simulator - Hockey Simulation - Hockey Manager